 Dungeon Crawl Stone Soup version 0.20-a0-910-gb611367 (console) character file.

2702 nht the Martial Artist (level 9, -3/59 HPs)
             Began as a Merfolk Transmuter on Mar 23, 2017.
             Was a Believer of Wu Jian.
             Shot with an arrow by a centaur (7 damage)
             ... on level 7 of the Dungeon.
             The game lasted 00:11:08 (6438 turns).

nht the Martial Artist (Merfolk Transmuter)         Turns: 6438, Time: 00:11:09

Health: -3/59      AC:  4    Str: 10    XL:     9   Next: 65%
Magic:  8/12       EV: 12    Int: 17    God:    Wu Jian [**....]
Gold:   486        SH:  0    Dex: 15    Spells: 3/12 levels left

rFire    + . .     SeeInvis .     - Unarmed
rCold    + . .     Gourm    .   e - +1 leather armour of Keoxoawn {rPois rF+ Int+2}
rNeg     . . .     Faith    .   (shield currently unavailable)
rPois    +         Spirit   .   (no helmet)
rElec    .         Reflect  .   f - scarf {rC+}
rCorr    .         Harm     .   (gloves currently unavailable)
MR       .....                  (no boots)
Stlth    +.........             (no amulet)
Regen    0.2/turn               (no ring)
MPRegen  0.2/turn               (no ring)

@: blade hands
A: change form in water, swift swim, stealthy swim
a: End Transformation, Renounce Religion


You were on level 7 of the Dungeon.
You worshipped Wu Jian.
Wu Jian was pleased with you.
You were hungry.
You had blades for hands.
You visited 1 branch of the dungeon, and saw 7 of its levels.

You collected 486 gold pieces.

Inventory:

Missiles
 a - 69 arrows
Armour
 e - the +1 leather armour of Keoxoawn (worn) {rPois rF+ Int+2}
   (You found it on level 5 of the Dungeon)

   It affects your intelligence (+2).
   It protects you from fire.
   It protects you from poison.
 f - a scarf of cold resistance (worn)
 C - the +1 scale mail "Yrpheyre" {rF+ rN+ MR+}
   (You found it on level 6 of the Dungeon)

   It protects you from fire.
   It protects you from negative energy.
   It affects your resistance to hostile enchantments.
Wands
 g - a wand of disintegration (0/24)
 l - a wand of random effects (26/48)
 t - a wand of flame (0/48)
Scrolls
 b - 3 scrolls of fog
 h - 2 scrolls of teleportation
 k - 6 scrolls of remove curse
 q - 2 scrolls of enchant armour
 s - 3 scrolls of recharging
 v - 3 scrolls of identify
 y - a scroll of fear
 A - a scroll of magic mapping
Potions
 i - 4 potions of agility
 m - a potion of might
 n - 2 potions of berserk rage
 o - 3 potions of mutation
 r - a potion of curing
 z - 2 potions of brilliance
Books
 c - a book of Changes

   Spells                             Type                      Level
   a - Beastly Appendage              Transmutation                1
   b - Sticks to Snakes               Transmutation                2
   c - Spider Form                    Transmutation/Poison         3
   d - Ice Form                       Ice/Transmutation            4
   e - Blade Hands                    Transmutation                5
 w - a book of Minor Magic

   Spells                             Type                      Level
   a - Magic Dart                     Conjuration                  1
   b - Blink                          Translocation                2
   c - Call Imp                       Summoning                    2
   d - Slow                           Hexes                        2
   e - Conjure Flame                  Conjuration/Fire             3
   f - Mephitic Cloud                 Conjuration/Poison/Air       3
 B - a book of Air

   Spells                             Type                      Level
   a - Shock                          Conjuration/Air              1
   b - Swiftness                      Charms/Air                   2
   c - Static Discharge               Conjuration/Air              3
   d - Airstrike                      Air                          4
   e - Lightning Bolt                 Conjuration/Air              5
Comestibles
 d - 6 bread rations
 j - 3 royal jellies
 p - 3 meat rations
 x - 4 fruits


   Skills:
 - Level 1.1 Fighting
 - Level 2.6 Dodging
 * Level 11.6 Unarmed Combat
 - Level 2.0 Spellcasting
 + Level 10.2 Transmutations


You had 3 spell levels left.
You knew the following spells:

 Your Spells              Type           Power        Failure   Level  Hunger
a - Beastly Appendage     Tmut           #####.       12%         1    #......
b - Spider Form           Tmut/Pois      ###.......   50%         3    ###....
c - Blade Hands           Tmut           #####.....   50%         5    ######.


Dungeon Overview and Level Annotations

Branches:
Dungeon (7/15)
 Temple: D:4-7

Altars:
Fedhas
Wu Jian
Xom


Message History

Deactivating autopickup; reactivate with Ctrl-A.
The orc hits you with a dagger.
Things that are here:
a dagger; a robe You slash the orc!
You kill the orc!
The Council accepts your kill.
The orc priest calls down the wrath of Beogh upon you.
Beogh smites you!
* * * LOW HITPOINT WARNING * * *
The orc priest hits you with a hand axe.
* * * LOW HITPOINT WARNING * * *
Things that are here:
a dagger; a leather armour; an orc corpse You slice the orc priest!!
You kill the orc priest!
The Council accepts your kill.
The centaur unwields an uncursed rapier.
The centaur wields a shortbow.
The centaur shoots an arrow.
The arrow hits you!
You die...

█......█
█......█
█......█
█......█
█......█
█....).█


█████)██ █)█ █@█ █)█ █c█ █{█ █.. ███ You could see a centaur.

Vanquished Creatures
  A hippogriff (D:7)
  Eustachio (D:5)
  Edmund (D:4)
  An ice beast (D:5)
  An orc warrior (D:7)
  2 phantoms
  2 ogres (D:5)
  A centaur (D:5)
  A bullfrog (D:6)
  A water moccasin zombie (D:7)
  2 scorpions
  6 killer bees (D:7)
  A howler monkey (D:5)
  3 hounds
  7 orc wizards
  A jelly (D:7)
  7 orc priests
  2 bullfrog skeletons
  4 iguanas
  Ijyb (D:3)
  3 worker ants
  Terence (D:3)
  A gnoll (D:5)
  4 adders
  8 river rats (D:5)
  An ooze (D:7)
  2 adder skeletons
  3 worms
  A dart slug (D:1)
  4 leopard geckos
  33 orcs
  A ball python (D:1)
  14 giant cockroaches
  3 goblins
  8 hobgoblins
  12 jackals
  9 kobolds
  12 quokkas
  7 bats
  8 frilled lizards
  A jackal zombie (D:5)
  17 rats
199 creatures vanquished.

Notes
Turn   | Place    | Note
-------+----------+-------------------------------------------
     0 | D:1      | nht the Merfolk Transmuter began the quest for the Orb.
     0 | D:1      | Reached XP level 1. HP: 15/15 MP: 3/3
    26 | D:1      | Reached XP level 2. HP: 12/21 MP: 3/5
   356 | D:1      | Reached skill level 4 in Unarmed Combat
   403 | D:2      | Reached XP level 3. HP: 16/26 MP: 4/6
   954 | D:2      | Reached XP level 4. HP: 28/32 MP: 7/7
  1365 | D:3      | Learned a level 3 spell: Spider Form
  1383 | D:3      | Noticed Terence
  1605 | D:3      | Killed Terence
  1605 | D:3      | Reached skill level 5 in Unarmed Combat
  1666 | D:3      | Reached XP level 5. HP: 27/37 MP: 1/8
  1671 | D:3      | Reached skill level 5 in Transmutations
  2377 | D:3      | Noticed Ijyb
  2391 | D:3      | Killed Ijyb
  2875 | D:4      | Reached skill level 6 in Unarmed Combat
  2875 | D:4      | Reached XP level 6. HP: 36/43 MP: 7/9
  2955 | D:4      | Found an ornate altar of the Wu Jian Council.
  2959 | D:4      | Found a blossoming altar of Fedhas.
  2960 | D:4      | Noticed Edmund
  2963 | D:4      | Became a worshipper of the Wu Jian Council
  2974 | D:4      | Killed Edmund
  3451 | D:4      | Noticed a phantom
  3461 | D:4      | Killed a phantom
  3461 | D:4      | Reached skill level 7 in Unarmed Combat
  3461 | D:4      | Reached XP level 7. HP: 35/48 MP: 10/10
  3473 | D:4      | Learned a level 5 spell: Blade Hands
  3628 | D:5      | Entered Level 5 of the Dungeon
  3676 | D:5      | Got a slimy leather armour
  3690 | D:5      | Identified the +1 leather armour of Keoxoawn {rPois rF+ Int+2} (You found it on level 5 of the Dungeon)
  3722 | D:5      | Reached * piety under Wu Jian
  3722 | D:5      | Reached skill level 8 in Unarmed Combat
  3859 | D:5      | Reached XP level 8. HP: 25/54 MP: 9/11
  4161 | D:5      | Reached skill level 9 in Unarmed Combat
  4332 | D:5      | Noticed Eustachio
  4338 | D:5      | Killed Eustachio
  4452 | D:5      | Reached ** piety under Wu Jian
  4524 | D:5      | Reached skill level 10 in Unarmed Combat
  5140 | D:6      | Reached XP level 9. HP: 59/59 MP: 5/12
  5551 | D:6      | Got an ichor-stained scale mail
  5562 | D:6      | Identified the +1 scale mail "Yrpheyre" {rF+ rN+ MR+} (You found it on level 6 of the Dungeon)
  5945 | D:7      | Found a shimmering altar of Xom.
  5980 | D:7      | Reached skill level 11 in Unarmed Combat
  6128 | D:7      | Reached skill level 10 in Transmutations
  6138 | D:7      | HP: 2/59 [killer bee (5)]
  6438 | D:7      | Shot with an arrow by a centaur

Vault maps used:
D:1:      evilmike_arrival_plus
D:2:      minmay_roachtagon
D:3:      first_bread, minmay_stone_trees_small, minmay_misc_feat_cross,
          uniq_terence, uniq_iyjb
D:4:      kb_forest_paths, grunt_temple_overflow_open, kennysheep_small_circle,
          uniq_edmund
D:5:      lemuel_ratsnest, kennysheep_opposing_triangles, uniq_eustachio
D:7:      xom_teletrap_fun, lemuel_coloured_pillars_altar,
          minmay_temple_entry_enclosed_plants, serial_shops, kennysheep_mini,
          shop_fountains, shop_coins

Skill      XL: |  1  2  3  4  5  6  7  8  9 |
---------------+----------------------------+-----
Transmutations | 3 4 5 6 7 9 10 | 10.2
Unarmed Combat | 4 5 6 7 8 10 11 | 11.6
Fighting       | |  1.1
Dodging        | |  2.6
Spellcasting   | |  2.0

Action                   |  1- 3 |  4- 6 |  7- 9 || total
-------------------------+-------+-------+-------++-------
Melee: Unarmed           |    98 |   202 |   314 ||   614
       Headbutt          |     9 |     6 |       ||    15
       Punch             |     1 |     3 |     6 ||    10
 Cast: Beastly Appendage |    10 |     7 |     1 ||    18
       Spider Form       |       |     9 |    25 ||    34
       Blade Hands       |       |       |     1 ||     1
Evoke: Wand              |       |     4 |     9 ||    13
  Use: Potion            |       |     2 |     3 ||     5
       Scroll            |       |    10 |     8 ||    18
 Stab: Sleeping          |     1 |     2 |     2 ||     5
       Distracted        |     1 |       |       ||     1
  Eat: Chunk             |       |    10 |    13 ||    23
Armor: Robe              |    20 |    28 |       ||    48
       Skin              |       |     2 |    74 ||    76
       Leather armour    |       |       |    14 ||    14
Dodge: Dodged            |    71 |   155 |   213 ||   439
